 Dungeon Sprint DCSS version 0.29.1-13-g9f3cf754e1 (webtiles) character file.

Game seed: 9509785908660854331

19315 Groucho the Eclecticist (level 12, -5/51 HPs)
             Began as a Spriggan Enchanter on Jan 29, 2023.
             Was the Champion of Dithmenos.
             Slain by the 27-headed Lernaean hydra (9 damage)
             ... in the Dungeon (Sprint II: "The Violet Keep of Menkaure").
             The game lasted 00:20:06 (2163 turns).

Groucho the Eclecticist (Spriggan Enchanter)        Turns: 2163, Time: 00:20:06

Health: -5/51      AC:  4    Str:  8    XL:     12   Next: 35%
Magic:  41/44      EV: 26    Int: 18    God:    Dithmenos [******]
Gold:   999        SH:  0    Dex: 15    Spells: 25/47 levels left

rFire   . . .      SeeInvis +   a - +1 dagger
rCold   . . .      Faith    .   (no shield)
rNeg    . . .      Spirit   .   b - +0 robe
rPois   .          Reflect  .   D - +2 hat {SInv}
rElec   .          Harm     .   y - scarf {shadows}
rCorr   .          Rampage  .   (gloves unavailable)
Will    ++...      NoTele   +   (boots unavailable) Stlth **++++++++
                                k - amulet of the acrobat
HPRegen 0.17/turn               f - ring "Hontiuth" {MP+9 Slay+5}
MPRegen 0.29/turn               j - ring of flight

@: flying, wreathed by umbra, very quick
A: very small, no large weapons, unfitting armour, see invisible, speed 3
a: Renounce Religion, Shadow Step, Shadow Form


You were in the Dungeon.
You worshipped Dithmenos.
Dithmenos was exalted by your worship.
You visited 1 branch You collected 2789 gold pieces.
You spent 1790 gold pieces at shops.

Inventory:

Hand Weapons
 a - a +1 dagger (weapon)
Armour
 b - a +0 robe (worn)
 y - a scarf of shadows (worn)
 D - a +2 hat of see invisible (worn)
Jewellery
 d - a ring of protection from fire
 f - the ring "Hontiuth" (left hand) {MP+9 Slay+5}
   (You bought it in a shop in the Dungeon)

   [ring of magical power]

   Slay:      It affects your accuracy & damage with ranged weapons and melee
   (+5).
   MP:        It affects your magic capacity (+9).
 i - a ring of protection from fire
 j - a ring of flight (right hand)
 k - an amulet of the acrobat (around neck)
 s - a ring of ice
 w - a +4 ring of protection
 z - a +6 ring of strength
 A - an amulet of reflection
Scrolls
 c - a scroll of amnesia {unknown}
 o - a scroll of summoning {unknown}
 t - 4 scrolls of identify {unknown}
 u - 4 scrolls of enchant weapon {unknown}
 v - 3 scrolls of enchant armour {unknown}
 x - a scroll of vulnerability {unknown}
 B - a scroll of acquirement {unknown}
Potions
 e - 2 potions of experience {unknown}
 g - 14 potions of magic
 h - a potion of berserk rage
 l - 4 potions of haste
 m - 5 potions of flight
 n - a potion of degeneration {unknown}
 p - a potion of might
 q - 2 potions of lignification {unknown}
 r - 2 potions of resistance
 C - a potion of heal wounds


   Skills:
 - Level 10.0 Short Blades
 + Level 15.2 Dodging
 - Level 17.0 Stealth
 + Level 18.1 Spellcasting
 * Level 4.9 Conjurations
 - Level 14.0 Hexes
 * Level 14.7 Earth Magic
 * Level 9.4 Invocations


You had 25 spell levels left.
You knew the following spells:

 Your Spells              Type           Power      Damage    Failure   Level
a - Ensorcelled Hibernat  Hex/Ice        82%        N/A       1%          2
b - Confusing Touch       Hex            61%        N/A       1%          3
c - Dazzling Flash        Conj/Hex       100%       N/A       1%          3
d - Tukima's Dance        Hex            61%        N/A       1%          3
e - Passwall              Tmut/Erth      35%        N/A       1%          2
f - Lee's Rapid Deconstr  Erth           31%        3d17*     1%          5
g - Fulminant Prism       Conj/Hex       25%        3d14      1%          4

Your spell library contained the following spells:

 Spells                   Type           Power      Damage    Failure   Level
 Necrotise                Necr           64%        1d7       3%          1
 Mephitic Cloud           Conj/Pois/Air  22%        N/A       5%          3
 Ignite Poison            Fire/Tmut/Pois 16%        N/A       11%         3
 Swiftness                Air            16%        N/A       11%         3
 Vampiric Draining        Necr           16%        2d7       11%         3
 Iskenderun's Mystic Bla  Conj/Tloc      25%        2d7       12%         4
 Freezing Cloud           Conj/Ice/Air   11%        6-21      43%         5
 Agony                    Necr           16%        N/A       67%         5


Dungeon Overview and Level Annotations

Branches:
Dungeon (1/1)

Altars:
Cheibriados
Dithmenos
Elyvilon
Fedhas
Gozag
Hepliaklqana
Kikubaaqudgha
Makhleb
Nemelex Xobeh
Okawaru
Qazlal
Ru
Sif Muna
Trog
Uskayaw
Vehumet
Wu Jian
Xom
Yredelemnul
Zin
The Shining One
Jiyva
Lugonu

Shops:
D :*((?::([==[*![==!*:

Annotations:
D exclusions: ice statue, obsidian statue and oklob plant, Lernaean hydra


Innate Abilities, Weirdness & Mutations

You are very small and have problems with some larger weapons.
You are too small for most types of armour.
You have supernaturally acute eyesight. (SInv)
You cover ground extremely quickly. (Speed+++)


Message History

You see here the elephant slug corpse of Gastronok.
Casting: Dazzling Flash (safe; 1% risk of failure)
Confirm with . or Enter, or press ? or * to list all spells.
Aiming: Passwall (safe; 1% risk of failure)
Press: ? - help, Dir - move target This square is wreathed by an umbra.
You begin to meditate on the wall.
You continue meditating on the rock. x2
You finish merging with the rock.
Unknown command.
Unknown command.
You see here a +4 vorpal flail.
You see here a +0 whip.
You see here a +0 club.
You see here a staff of fire.
You see here the +10 tower shield of Ignorance {rN+ Int-4}.
You see here a +4 ring mail of poison resistance.
You see here a box of beasts.
Really fly into that net trap?
You avoid being caught in a net.
There is a net trap here.
There is an open door here.
You reach down and open the door.
The 27-headed Lernaean hydra comes into view.
Found a thick glowing staff.
Found 81 gold pieces and 3 potions of flight.
There is an open door here.
The helpless 27-headed Lernaean hydra fails to defend itself.
You stick the 27-headed Lernaean hydra like a pincushion!!!!
The 27-headed Lernaean hydra is almost dead.
Your shadow hits the 27-headed Lernaean hydra with a dagger.
The 27-headed Lernaean hydra bites you!
You emit a cloud of dark smoke.
The 27-headed Lernaean hydra bites you.
The 27-headed Lernaean hydra bites you! x2
* * * LOW HITPOINT WARNING * * *
You emit a cloud of dark smoke.
The 27-headed Lernaean hydra misses you.
The 27-headed Lernaean hydra barely misses you.
The 27-headed Lernaean hydra bites you.
* * * LOW HITPOINT WARNING * * *
The 27-headed Lernaean hydra bites you!
You die...

#$h.#$# #[#~~##+#
#!$.###○ ####~~~§~
##+###≈○ #+++#' !##≈
##≈§≈≈≈ ### ##§§≈§§≈
9#+ +≈≈≈≈§§≈ ##+###
##≈§≈≈§≈ #§D§#
###≈§≈≈§ ##@##
#∩####'# #§§§##
##.^..### #.∩.§###
#∩..^.†..
#...#^.###########.
######}[[|))))}.)#^
###################.
#)∩∩..≈......^......
####################


You could see the 27-headed Lernaean hydra and a toenail golem (dormant).

Vanquished Creatures
  A deep elf master archer (D)
  A kraken (D)
  2 sphinxes (D)
  Gastronok (D)
  Nessos (D)
  A crystal guardian (D)
  A great orb of eyes (D)
  An ice dragon (D)
  2 hell hogs (D)
  3 sixfirhies (D)
  2 deep trolls (D)
  2 death drakes (D)
  3 manticores (D)
  3 shining eyes (D)
  A merfolk siren (D)
  2 cane toads (D)
  2 unseen horrors (D)
  A yaktaur (D)
  2 polar bears (D)
  A hornet (D)
  2 redbacks (D)
  A vampire mosquito (D)
  Menkaure (D)
  5 water moccasins (D)
  2 swamp drakes (D)
  4 necrophages (D)
  4 scorpions (D)
  9 electric eels (D)
  A jelly (D)
  4 orc priests (D)
  3 worms (D)
  2 spectral bats (D)
71 creatures vanquished.

Vanquished Creatures (others)
  A polar bear (D)
  2 fulminant prisms (D)
  4 tentacles (D)
7 creatures vanquished.

Grand Total: 78 creatures vanquished

Notes
Turn   | Place    | Note
-------+----------+-------------------------------------------
     0 | D        | Groucho the Spriggan Enchanter began the quest for the Orb.
     0 | D        | Reached XP level 1. HP: 9/9 MP: 5/5
     9 | D        | Reached skill level 5 in Stealth
     9 | D        | Reached skill level 3 in Spellcasting
    17 | D        | Noticed a scorpion
    17 | D        | Noticed a scorpion
    17 | D        | Noticed a scorpion
    17 | D        | Noticed a scorpion
    20 | D        | Killed a scorpion
    21 | D        | Reached skill level 4 in Spellcasting
    21 | D        | Reached skill level 5 in Hexes
    21 | D        | Reached XP level 2. HP: 13/13 MP: 5/8
    21 | D        | Reached XP level 3. HP: 16/16 MP: 6/10
    21 | D        | Killed a scorpion
    22 | D        | Reached skill level 10 in Stealth
    22 | D        | Reached skill level 5 in Spellcasting
    22 | D        | Reached XP level 4. HP: 21/21 MP: 6/12
    25 | D        | Killed a scorpion
    26 | D        | Reached skill level 5 in Short Blades
    26 | D        | Reached skill level 6 in Spellcasting
    26 | D        | Reached XP level 5. HP: 24/24 MP: 6/14
    35 | D        | Noticed a merfolk siren
    38 | D        | Killed a merfolk siren
    39 | D        | Reached skill level 15 in Stealth
    39 | D        | Reached skill level 8 in Spellcasting
    39 | D        | Reached XP level 6. HP: 28/28 MP: 7/18
    39 | D        | Reached XP level 7. HP: 32/32 MP: 7/20
    50 | D        | Reached skill level 9 in Spellcasting
    71 | D        | Learned a level 2 spell: Ensorcelled Hibernation
    75 | D        | Learned a level 3 spell: Confusing Touch
    79 | D        | Learned a level 3 spell: Dazzling Flash
    83 | D        | Learned a level 3 spell: Tukima's Dance
    93 | D        | Noticed an ice statue
   109 | D        | Found Ciamug's Jewellery Shop.
   109 | D        | Found Jevecoaf's Assorted Antiques.
   109 | D        | Found Sirev's Jewellery Shop.
   109 | D        | Found Bucs's Jewellery Boutique.
   110 | D        | Found Suafeuj's Distillery.
   110 | D        | Found Unkorajo's Antique Armour Boutique.
   110 | D        | Found Lunku's Distillery.
   110 | D        | Found Jaifrakhle's Antique Armour Boutique.
   110 | D        | Found Wyvvoe's Antique Weapon Shop.
   110 | D        | Found Faolagoi's Book Boutique.
   111 | D        | Found Netum's Jewellery Boutique.
   111 | D        | Found Isebunif's Antique Armour Shop.
   111 | D        | Found Seapris's Book Shop.
   111 | D        | Found Qyvo's Magic Scroll Boutique.
   120 | D        | Noticed a fire dragon
   120 | D        | Noticed an oklob plant
   121 | D        | Found Zoohoti's Book Shoppe.
   132 | D        | Noticed a yak
   132 | D        | Noticed a yak
   149 | D        | Bought the ring "Hontiuth" {MP+9 Slay+5} for 576 gold
                  | pieces
   158 | D        | Bought a ring of flight for 175 gold pieces
   161 | D        | Noticed a yak
   183 | D        | Bought a potion of invisibility for 96 gold pieces
   183 | D        | Bought 2 potions of heal wounds for 120 gold pieces
   201 | D        | Found an iron altar of Okawaru.
   201 | D        | Found an opulent altar of Gozag.
   202 | D        | Found a sparkling altar of Nemelex Xobeh.
   202 | D        | Found a blossoming altar of Fedhas.
   209 | D        | Found a radiant altar of Vehumet.
   209 | D        | Found a burning altar of Makhleb.
   209 | D        | Found a white marble altar of Elyvilon.
   210 | D        | Found a hide-covered altar of Uskayaw.
   210 | D        | Found a corrupted altar of Lugonu.
   210 | D        | Found a shadowy altar of Dithmenos.
   211 | D        | Found a glowing silver altar of Zin.
   211 | D        | Found a bloodstained altar of Trog.
   211 | D        | Found an ancient bone altar of Kikubaaqudgha.
   212 | D        | Found a basalt altar of Yredelemnul.
   212 | D        | Found a shimmering blue altar of Sif Muna.
   212 | D        | Found a viscous altar of Jiyva.
   213 | D        | Found a shimmering altar of Xom.
   213 | D        | Found a sacrificial altar of Ru.
   214 | D        | Found a glowing golden altar of the Shining One.
   214 | D        | Found an ornate altar of the Wu Jian Council.
   214 | D        | Found a stormy altar of Qazlal.
   214 | D        | Found a snail-covered altar of Cheibriados.
   214 | D        | Found a hazy altar of Hepliaklqana.
   223 | D        | Became a worshipper of Dithmenos the Shadowed
   223 | D        | Noticed Menkaure
   239 | D        | Noticed a deep elf master archer
   245 | D        | Killed a deep elf master archer
   246 | D        | Reached skill level 10 in Short Blades
   246 | D        | Reached skill level 12 in Spellcasting
   246 | D        | Reached XP level 8. HP: 35/36 MP: 22/25
   246 | D        | Reached XP level 9. HP: 38/39 MP: 22/26
   248 | D        | Noticed a hell hog
   248 | D        | Noticed a hell hog
   250 | D        | Killed a hell hog
   251 | D        | Reached skill level 5 in Dodging
   251 | D        | Reached skill level 13 in Spellcasting
   252 | D        | Killed a hell hog
   252 | D        | Reached * piety under Dithmenos
   253 | D        | Reached skill level 5 in Earth Magic
   262 | D        | Noticed an ice dragon
   264 | D        | Killed an ice dragon
   265 | D        | Reached skill level 14 in Spellcasting
   276 | D        | Reached ** piety under Dithmenos
   291 | D        | Noticed a yaktaur
   291 | D        | Noticed a polar bear
   291 | D        | Noticed a polar bear
   292 | D        | Noticed a polar bear
   296 | D        | Killed a polar bear
   297 | D        | Reached XP level 10. HP: 33/44 MP: 29/29
   307 | D        | Reached *** piety under Dithmenos
   698 | D        | Noticed a kraken
   712 | D        | Killed a kraken
   713 | D        | Reached skill level 10 in Dodging
   713 | D        | Reached skill level 15 in Spellcasting
   718 | D        | Killed Menkaure
   718 | D        | Reached **** piety under Dithmenos
   732 | D        | Noticed a deep troll
   733 | D        | Noticed a deep troll
   735 | D        | Killed a deep troll
   736 | D        | Reached skill level 10 in Earth Magic
   737 | D        | Killed a deep troll
   760 | D        | Noticed a sphinx
   761 | D        | Noticed a sphinx
   763 | D        | Killed a sphinx
   763 | D        | Reached ***** piety under Dithmenos
   764 | D        | Reached skill level 16 in Spellcasting
   764 | D        | Reached XP level 11. HP: 40/47 MP: 32/32
   764 | D        | Killed a sphinx
   939 | D        | Noticed an obsidian statue
   992 | D        | Bought a book of Burglary for 220 gold pieces
   992 | D        | Bought a book of Blasting for 352 gold pieces
   995 | D        | Learned a level 2 spell: Passwall
  1001 | D        | Learned a level 5 spell: Lee's Rapid Deconstruction
  1009 | D        | Bought a glowing scarf for 136 gold pieces
  1071 | D        | Noticed a death drake
  1072 | D        | Noticed a death drake
  1072 | D        | Noticed a crystal guardian
  1077 | D        | Killed a death drake
  1082 | D        | Killed a death drake
  1100 | D        | Killed a crystal guardian
  1203 | D        | Learned a level 4 spell: Fulminant Prism
  1213 | D        | Noticed a shining eye
  1213 | D        | Noticed a shining eye
  1213 | D        | Noticed a great orb of eyes
  1213 | D        | Noticed a shining eye
  1218 | D        | Reached skill level 17 in Spellcasting
  1237 | D        | Killed a great orb of eyes
  1238 | D        | Reached skill level 1 in Conjurations
  1238 | D        | Reached skill level 5 in Invocations
  1240 | D        | Reached ****** piety under Dithmenos
  1570 | D        | Killed a shining eye
  1572 | D        | Killed a shining eye
  1573 | D        | Killed a shining eye
  1583 | D        | Reached XP level 12. HP: 49/51 MP: 34/34
  1677 | D        | Found Xinkei Egapt's Assorted Antiques.
  1681 | D        | Found Tujenino's Book Shoppe.
  1687 | D        | Found the +10 tower shield of Ignorance {rN+ Int-4}
  1709 | D        | Found Qoehap's Weapon Shoppe.
  1764 | D        | Found Jafec's Weapon Shoppe.
  1765 | D        | Found Subil's Assorted Antiques.
  1767 | D        | Noticed Nessos
  1774 | D        | Killed Nessos
  1786 | D        | Bought a potion of heal wounds for 115 gold pieces
  1816 | D        | Reached skill level 15 in Dodging
  1816 | D        | Reached skill level 18 in Spellcasting
  1817 | D        | Noticed Gastronok
  2133 | D        | Killed Gastronok
  2161 | D        | Noticed the 27-headed Lernaean hydra
  2163 | D        | Slain by the 27-headed Lernaean hydra

Illustrated notes

Levels and vault maps discovered:
D:        the_violet_keep_of_menkaure [sprint2_stairs_cluster_1,
          sprint2_shoproom, sprint2_temple, sprint2_basic_supplies,
          sprint2_obstacle_7, sprint2_obstacle_3, sprint2_obstacle_2,
          sprint2_obstacle_1, sprint2_obstacle_4, sprint2_timed_cluster_1,
          sprint2_smallroom_cluster_1, sprint2_smallroom_final_cluster_1,
          sprint2_transparent_cluster_1, sprint2_second_timed_cluster_1,
          sprint2_sniper_area_1, sprint2_heavy_combat_area_1,
          sprint2_mutation_trap_area_1, sprint2_forest_area_1,
          sprint2_light_combat_area_1, sprint2_behind_water_1,
          sprint2_near_end_vault_1]

Skill      XL: |  1  2  3  4  5  6  7  8  9 10 11 12 |
---------------+-------------------------------------+-----
Stealth        | 8 10 11 15 17 | 17.0
Spellcasting   | 4 5 6 8 12 14 16 17 18 | 18.1
Hexes          | 5 6 9 13 14 | 14.0
Short Blades   | 3 4 5 7 10 | 10.0
Dodging        | 8 12 14 15 | 15.2
Earth Magic    | 7 11 14 | 14.7
Invocations    | 7 9 |  9.4
Conjurations   | 3 4 |  4.9

Action                   |  1- 3 |  4- 6 |  7- 9 | 10-12 || total
-------------------------+-------+-------+-------+-------++-------
Melee: Dagger            |     5 |     6 |    21 |    88 ||   120
       Punch             |       |       |     1 |       ||     1
 Cast: Ensorcelled Hiber |       |       |     5 |    17 ||    22
       Confusing Touch   |       |       |       |     2 ||     2
       Lee's Rapid Decon |       |       |       |     2 ||     2
       Dazzling Flash    |       |       |       |     2 ||     2
       Passwall          |       |       |       |     4 ||     4
       Fulminant Prism   |       |       |       |     2 ||     2
Invok: Shadow Form       |       |       |       |     4 ||     4
  Use: Potion            |     2 |       |     1 |    11 ||    14
       Scroll            |       |       |       |     1 ||     1
 Stab: Sleeping          |     2 |     2 |    13 |    45 ||    62
       Invisible         |     1 |     1 |     3 |    13 ||    18
       Confused          |       |       |       |     1 ||     1
Armor: Robe              |       |       |       |     2 ||     2
Dodge: Dodged            |     1 |     2 |    10 |    39 ||    52
